 Dungeon Crawl Stone Soup version 0.31-a0-441-g867994ef1c (webtiles) character file.

Game seed: 10160710253508944059

293 floatRand the Cudgeller (level 6, -2/37 HPs)
             Began as a Gargoyle Fighter on Aug 2, 2023.
             Killed by divine providence
             ... invoked by an orc priest
              (10 damage)
             ... on level 5 of the Dungeon.
             The game lasted 00:04:20 (2401 turns).

floatRand the Cudgeller (Gargoyle Fighter)          Turns: 2401, Time: 00:04:21

Health: -2/37      AC: 15    Str: 28    XL:     6   Next: 33%
Magic:  9/9        EV:  8    Int:  8    God:
Gold:   32         SH:  6    Dex:  9    Spells: 5/5 levels left

rFire   . . .        a - +0 flail
rCold   . . .        j - +2 buckler
rNeg    + . .        p - +0 chain mail
rPois   ∞            (no helmet)
rElec   +            (no cloak)
rCorr   .            o - +0 pair of gloves
SInv    .            r - +0 pair of boots
Will    .....        (no amulet) Stlth
                     m - +6 ring of strength
HPRegen 0.26/turn    (no ring)
MPRegen 0.11/turn

%: no passive effects
@: no status effects
A: sickness immunity, AC +4, negative energy resistance 1, electricity
resistance, torment resistance 1, petrification resistance
a: no special abilities


You were on level 5 of the Dungeon.
You visited 1 branch of the dungeon, and saw 5 of its levels.

You collected 97 gold pieces.
You spent 65 gold pieces at shops.

Inventory:

Hand Weapons
 a - a +0 flail (weapon)
Armour
 b - a +0 scale mail
 j - a +2 buckler (worn)
 o - a +0 pair of gloves (worn)
 p - a +0 chain mail (worn)
 r - a +0 pair of boots (worn)
Jewellery
 f - a ring of ice
 m - a +6 ring of strength (left hand)
 s - an amulet of magic regeneration
Scrolls
 c - a scroll of vulnerability
 e - a scroll of noise {unknown}
 g - 3 scrolls of teleportation {unknown}
 h - a scroll of blinking {unknown}
 i - a scroll of revelation
 q - a scroll of silence
 t - a scroll of enchant armour
 v - 2 scrolls of identify
Potions
 d - a potion of might
 k - a potion of lignification
 l - a potion of degeneration
 n - a potion of attraction
 u - a potion of heal wounds


   Skills:
 - Level 3.2 Fighting
 + Level 4.7 Maces & Flails
 - Level 3.2 Armour
 - Level 3.2 Shields
 + Level 4.5 Invocations


You had 5 spell levels left.
You didn't know any spells.
Your spell library contained the following spells:

 Spells                   Type           Power      Damage    Failure   Level
 Apportation              Tloc           0%         N/A       93%         1
 Alistair's Intoxication  Tmut/Pois      0%         N/A       100%        5


Dungeon Overview and Level Annotations

Branches:
Dungeon (5/15)
 Temple: D:4-7

Altars:
Elyvilon
Nemelex Xobeh

Shops:
D:3 [[(!

Annotations:
D:2 Robin


Innate Abilities, Weirdness & Mutations

You are immune to sickness and miasma.
Your stone body is resilient. (AC +4)
You are immune to poison.
You resist negative energy. (rN+)
You are resistant to electric shocks. (rElec)
You are resistant to unholy torment.
You are immune to petrification.


Message History

You thump the orc!
You kill the orc!
Things that are here:
a +0 morningstar; an orc corpse
There is a stone staircase leading up here.
You start resting.
HP restored.
You climb upwards.
The orc wizard casts a spell at you.
The magic dart hits you but does no damage.
There is a stone staircase leading down here.
Unknown command.
The orc priest hits you with a +0 mace.
You climb downwards.
There is a stone staircase leading up here.
Unknown command.
You hit the orc priest.
The orc priest is moderately wounded.
The orc priest invokes the aid of Beogh against you.
Beogh smites you!
Unknown command.
You are too injured to fight recklessly!
You are too injured to fight recklessly!
Unknown command.
You sock the orc priest!
The orc priest is severely wounded.
You block the orc priest's attack. The orc priest hits you with a +0 mace.
You are too injured to fight recklessly!
Unknown command.
You barely miss the orc priest.
The orc priest is severely wounded.
The orc priest mumbles some strange prayers to Beogh against you.
Pain shoots through your body!
* * * LOW HITPOINT WARNING * * *
You are too injured to fight recklessly!
You closely miss the orc priest.
The orc priest is severely wounded.
The orc priest calls down the wrath of Beogh upon you.
Beogh smites you!
You die...

# ...
#.>#######.###
#....)@o.....#
#.....######.#.#
#.#.. #. .. #. #


You could see an orc priest.

Vanquished Creatures
  A water moccasin (D:4)
  An orc wizard (D:3)
  A hound zombie (D:3)
  5 adders
  2 adder skeletons (D:3)
  A worm (D:2)
  A dart slug (D:1)
  10 orcs
  7 bats
  4 endoplasms
  2 giant cockroaches (D:1)
  11 goblins
  5 hobgoblins
  6 jackals (D:1)
  A quokka (D:3)
  8 ball pythons
  7 frilled lizards
  2 kobolds (D:1)
  A quokka zombie (D:3)
  9 rats
85 creatures vanquished.

Notes
Turn   | Place    | Note
-------+----------+-------------------------------------------
     0 | D:1      | floatRand the Gargoyle Fighter began the quest for the Orb.
     0 | D:1      | Reached XP level 1. HP: 14/14 MP: 1/1
    26 | D:1      | Reached skill level 1 in Invocations
    26 | D:1      | Reached XP level 2. HP: 19/19 MP: 2/2
   278 | D:1      | Reached XP level 3. HP: 19/23 MP: 4/4
   488 | D:1      | Found a faded altar of an unknown god.
   691 | D:2      | Noticed Robin
   819 | D:2      | Reached XP level 4. HP: 25/28 MP: 5/5
  1310 | D:3      | Found Cunnisuane's Weapon Shoppe.
  1347 | D:3      | Found a white marble altar of Elyvilon.
  1424 | D:3      | Reached XP level 5. HP: 32/32 MP: 7/7
  1451 | D:3      | Found Jaophef's Armour Shoppe.
  1563 | D:3      | Found a sparkling altar of Nemelex Xobeh.
  1881 | D:3      | Found Xadghirill's Distillery.
  1885 | D:3      | Bought a potion of heal wounds for 65 gold pieces
  2042 | D:3      | Found Caseizi's Antique Armour Boutique.
  2106 | D:4      | Noticed a water moccasin
  2132 | D:4      | Killed a water moccasin
  2133 | D:4      | Reached XP level 6. HP: 18/37 MP: 7/9
  2282 | D:5      | Entered Level 5 of the Dungeon
  2401 | D:5      | Killed from afar by an orc priest

Illustrated notes

Levels and vault maps discovered:
D:1:      amcnicky_arrival_underground_garden, layout_rooms,
          hellmonk_ecumenical_altar_crossroads
D:2:      layout_loops_cross, kennysheep_nub, uniq_robin
D:3:      layout_basic, elyvilon_altar_5, nemelex_xobeh_ov_fountains_minmay,
          serial_undead, serial_undead_c, serial_undead_c, serial_undead_a,
          serial_undead_e, serial_undead_d, serial_undead_e, serial_undead_c,
          serial_shops, nicolae_shop_trees, shop, nicolae_shop_tiny_glass,
          nicolae_shop_tiny_real_fake_doors, feat_on_display
D:4:      layout_cave_pods, mainiacjoe_overflow_catch_the_wave,
          kennysheep_donut, uniq_eustachio, uniq_pikel
D:5:      layout_loops_cross, mainiacjoe_overflow_chevrons,
          gammafunk_temple_overflow_forgotten, minmay_ruined_shrine

Skill      XL: |  1  2  3  4  5 |
---------------+----------------+-----
Invocations    | 1 2 3 4 |  4.5
Maces & Flails | 3 4 |  4.7
Fighting       | |  3.2
Armour         | |  3.2
Shields        | |  3.2

Action                     |  1- 3 |  4- 6 || total
---------------------------+-------+-------++-------
  Melee: Flail             |   127 |   213 ||   340
    Use: Scroll            |       |     7 ||     7
 Armour: Scale mail        |    99 |    18 ||   117
         Chain mail        |       |   118 ||   118
  Dodge: Dodged            |    76 |    73 ||   149
  Block: Buckler           |    48 |    72 ||   120

Table legend: (Time is in decaauts)
 A = Elapsed time spent in this place.
 B = Non-inter-level travel time spent in this place.
 C = Inter-level travel time spent in this place.
 D = Time resting spent in this place.
 E = Time spent auto-exploring this place.
 F = Levels seen in this place.
 G = Mean time per level.
                   A        B        C        D        E       F      G
               +--------+--------+--------+--------+--------+-----+--------+
         Total |   2486 |   2394 |     92 |    143 |   1318 |   5 |  497.2 |
       Dungeon |   2486 |   2394 |     92 |    143 |   1318 |   5 |  497.2 |
               +--------+--------+--------+--------+--------+-----+--------+

Top non-repeatable levels by time:
     D:3: 843 daAuts
     D:2: 729 daAuts
     D:1: 611 daAuts
     D:4: 183 daAuts
     D:5: 118 daAuts
